AoeStats
← Chântalion

Baltic

510838529Analyzed
4v4 RM · 18h ago on Oct 2, 2026· 16m 51s· 8 players
Game mode
Random Map
Map size
Large (8 player)
Population
200
Speed
Normal
Resources
Standard
Victory
Conquest
Starting age
Dark Age
Ending age
Imperial Age
RankedLock teamsTeams togetherTeam positionsShared explorationLock speedFull tech treeHidden civsTurbo modeCheats
Victory
Defeat
🇸🇰 Danes · Slovakia
1145
+13
🇸🇰 Franks · Slovakia
1087
+15
🇸🇰 Dravidians · Slovakia
1058
+16
🇸🇰 Hindustanis · Slovakia
1044
+17
🇩🇪 Danes · Germany
1227
-21
🇩🇪 Vietnamese · Germany
1054
-15
🇩🇪 Vikings · Germany
1020
-13
🇩🇪 Koreans · Germany
978
-12
Lainusz
8:29 Loom
12:49 Feudal Age
Cashflow21
9:14 Loom
11:45 Feudal Age
15:31 Castle Age
15:04 Double-Bit Axe
16:25 Horse Collar
AirLuc
8:35 Loom
10:38 Feudal Age
12:31 Fishing Lines
12:47 Double-Bit Axe
massimo_oddo
6:27 Loom
9:53 Feudal Age
10:32 Gold Mining
10:31 Double-Bit Axe
13:24 Wheelbarrow
LoCo
7:14 Loom
10:06 Feudal Age
10:50 Double-Bit Axe
15:50 Scale Barding Armor
16:46 Wheelbarrow
s4p
6:25 Loom
8:52 Feudal Age
9:37 Double-Bit Axe
13:32 Horse Collar
Chântalion
7:38 Loom
10:57 Feudal Age
11:37 Double-Bit Axe
11:44 Gold Mining
16:35 Fishing Lines
16:58 Fletching
Crowbar
6:13 Loom
9:35 Feudal Age
11:05 Man-at-Arms
16:08 Arson
Connection lost

Rejoining the realm…

Still unreachable

The connection could not be restored.

Session expired

The server has moved on; the page needs a fresh start.